 Dungeon Crawl Stone Soup version 0.23.0 (webtiles) character file.

Game seed: 12756501611947707427

3572 poirepourri the Cleaver (level 9, -1/84 HPs)
             Began as a Deep Dwarf Fighter on Feb 14, 2019.
             Killed from afar by an electric eel (6 damage)
             ... with a bolt of electricity
             ... on level 8 of the Dungeon.
             The game lasted 00:07:39 (5227 turns).

poirepourri the Cleaver (Deep Dwarf Fighter)        Turns: 5227, Time: 00:07:40

Health: -1/84      AC:  8    Str: 23    XL:     9   Next: 84%
Magic:  5/5        EV: 10    Int: 13    God:
Gold:   219        SH: 14    Dex: 15    Spells: 8/8 levels left

rFire    . . .     SeeInvis .   a - +0 war axe
rCold    + . .     Gourm    .   c - +1 shield
rNeg     . . .     Faith    .   i - +2 ring mail {rC+}
rPois    .         Spirit   .   (no helmet)
rElec    .         Reflect  +   s - +0 cloak
rCorr    +         Harm     .   (no gloves)
MR       +....                  (no boots)
Stlth    +.........             t - +3 amulet of reflection
HPRegen  0.00/turn              d - ring "Jimon" {rCorr Str+3 Int+4}
MPRegen  0.09/turn              l - +2 ring of evasion

@: non-regenerating
A: damage resistance, heal wounds, sense surroundings 2, no regeneration
a: Heal Wounds


You were on level 8 of the Dungeon.
You were not hungry.

You visited 2 branches of the dungeon, and saw 9 of its levels.
You also visited: Ossuary.

You collected 677 gold pieces.
You spent 458 gold pieces at shops.

Inventory:

Hand Weapons
 a - a +0 war axe (weapon)
Missiles
 e - 83 bolts
Armour
 c - a +1 shield (worn)
 i - a +2 ring mail of cold resistance (worn)
 s - a +0 cloak (worn)
Jewellery
 d - the ring "Jimon" (left hand) {rCorr Str+3 Int+4}
   (You bought it in a shop on level 8 of the Dungeon)

   [ring of resist corrosion]

   It affects your strength (+3).
   It affects your intelligence (+4).
 l - a +2 ring of evasion (right hand)
 m - an uncursed ring of protection from cold
 t - a +3 amulet of reflection (around neck)
Wands
 o - a wand of digging (5)
 p - a wand of random effects (15)
 u - a wand of iceblast (9)
 v - a wand of paralysis (9)
Scrolls
 b - 11 scrolls of remove curse
 n - a scroll of teleportation
Potions
 g - 2 potions of magic
 h - 4 potions of lignification
 j - 2 potions of brilliance
 k - 3 potions of flight
 r - a potion of mutation
 w - a potion of might
 x - 2 potions of resistance
 A - a potion of haste
 B - a potion of cancellation {unknown}
Comestibles
 f - 17 rations


   Skills:
 - Level 6.3 Fighting
 + Level 13.4 Axes
 - Level 3.2 Armour
 - Level 3.2 Shields


You had 8 spell levels left.
You didn't know any spells.
Your spell library was empty.

Dungeon Overview and Level Annotations

Branches:
Dungeon (8/15)             Temple (1/1) D:4
   Lair: D:8-11

Altars:
Ashenzari
Cheibriados
Dithmenos
Elyvilon
Fedhas
Gozag
Hepliaklqana
Kikubaaqudgha
Nemelex Xobeh
Okawaru
Qazlal
Ru
Sif Muna
Trog
Uskayaw
Vehumet
Wu Jian
Xom
Zin
The Shining One
Beogh

Shops:
D:8 =

Annotations:
D:7 3 runed translucent doors, 2 transporters, DungeonDestroyer's ghost, novice MiFi


Innate Abilities, Weirdness & Mutations

You are resistant to damage.
You can heal yourself by infusing magical energy.
You passively map the area around you.
You do not regenerate.


Message History

The bolt of electricity hits you!
* * * LOW HITPOINT WARNING * * *
You hear a shout! x2
Unknown command.
A worker ant and a gnoll come into view.
The gnoll shouts!
The worker ant twitches its antennae in your direction.
You hear a shout!
The electric eel shoots out a bolt of lightning at you!
The bolt of electricity hits you.
* * * LOW HITPOINT WARNING * * *
The electric eel shoots out a bolt of lightning at you!
The bolt of electricity hits you.
* * * LOW HITPOINT WARNING * * *
The gnoll throws a stone.
You reflect the stone off an invisible shield around you!
The stone closely misses the gnoll.
The electric eel shoots out a bolt of lightning at you!
The bolt of electricity hits you!
You die...

.##........8.##.#8#
.#.#.......###...##
....#......#......##
....##..((.........#
.....#.....#.......#
.....(.....##(..##.#
..........#8##..(8##
..........###.#...######
..(....##.##.##.@..a.... ,
.....##((.#............. ,
.....*#...##..#..;;≈≈≈≈≈≈,
,, ,
.................≈gg(...
.........#......≈≈..##..,≈≈
* .........(..≈≈≈≈≈..## #.
##.........≈≈..g..##, , , *
###........≈(..(..# , , *
###........≈..... , ,


You could see a worker ant, 2 electric eels and 3 gnolls.

Vanquished Creatures
  A two-headed ogre (D:8)
  2 orc warriors
  2 ice beasts (D:7)
  3 phantoms
  A sky beast (D:7)
  A black bear (D:6)
  An ogre (D:5)
  A centaur (D:6)
  2 bullfrogs
  2 elf zombies (Ossuary)
  A scorpion (D:5)
  An electric eel (D:7)
  2 howler monkeys
  A bullfrog zombie (D:6)
  8 hounds
  3 jellies
  3 gnoll shamans
  5 orc priests
  Jessica (D:2)
  An iguana (D:5)
  Natasha (thrice) (D:2)
  5 orc wizards
  6 worker ants
  A big kobold zombie (Ossuary)
  A hound zombie (Ossuary)
  4 mummies (Ossuary)
  20 gnolls
  7 adders
  A shadow imp (D:7)
  An adder zombie (D:7)
  An adder skeleton (D:4)
  2 worms
  4 dart slugs
  2 leopard geckos
  16 orcs
  2 ball pythons
  6 giant cockroaches
  18 goblins
  10 hobgoblins
  11 jackals
  2 quokkas
  8 bats
  4 frilled lizards
  A giant cockroach zombie (D:5)
  A gnoll zombie (Ossuary)
  A goblin zombie (Ossuary)
  A hobgoblin zombie (Ossuary)
  2 jackal zombies (Ossuary)
  4 kobolds
  A kobold zombie (Ossuary)
  An orc zombie (Ossuary)
  2 quokka skeletons (D:5)
  8 rats
  A rat zombie (Ossuary)
200 creatures vanquished.

Vanquished Creatures (others)
  A centaur (D:8)
1 creature vanquished.

Grand Total: 201 creatures vanquished

Notes
Turn   | Place    | Note
-------+----------+-------------------------------------------
     0 | D:1      | poirepourri the Deep Dwarf Fighter began the quest for the
                  | Orb.
     0 | D:1      | Reached XP level 1. HP: 20/20 MP: 1/1
    97 | D:1      | Reached skill level 3 in Axes
    97 | D:1      | Reached XP level 2. HP: 24/27 MP: 2/2
   569 | D:1      | Reached XP level 3. HP: 22/33 MP: 3/3
   610 | D:2      | Reached skill level 4 in Axes
   748 | D:2      | Reached XP level 4. HP: 31/40 MP: 4/4
   794 | D:2      | Reached skill level 5 in Axes
   865 | D:2      | Noticed Natasha
   869 | D:2      | Killed Natasha
   904 | D:2      | Noticed Jessica
   911 | D:2      | Killed Jessica
   933 | D:2      | Reached XP level 5. HP: 34/46 MP: 5/5
   975 | D:2      | Noticed Natasha
   979 | D:2      | Killed Natasha
   979 | D:2      | Reached skill level 6 in Axes
   989 | D:2      | Noticed Natasha
   994 | D:2      | Killed Natasha
  1864 | D:4      | Reached skill level 7 in Axes
  1864 | D:4      | Reached XP level 6. HP: 41/55 MP: 6/6
  1929 | D:4      | Found a staircase to the Ecumenical Temple.
  1946 | Temple   | Entered the Ecumenical Temple
  2427 | D:5      | Entered Level 5 of the Dungeon
  2515 | D:5      | Reached skill level 8 in Axes
  2633 | D:5      | Reached XP level 7. HP: 39/61 MP: 7/7
  2675 | D:5      | Noticed a +0 dagger
  2676 | D:5      | Noticed a +0 dagger
  2819 | D:5      | Found a stormy altar of Qazlal.
  2848 | D:5      | Found a hide-covered altar of Uskayaw.
  2946 | D:5      | Reached skill level 9 in Axes
  2967 | D:5      | Found an opulent altar of Gozag.
  3314 | D:6      | Reached skill level 10 in Axes
  3373 | D:6      | Reached XP level 8. HP: 23/68 MP: 7/7
  3549 | D:6      | Reached skill level 5 in Fighting
  3773 | D:7      | Found a runed translucent gate.
  3774 | D:7      | Noticed DungeonDestroyer's ghost (novice MiFi)
  3774 | D:7      | Found a runed translucent gate.
  3807 | D:7      | Reached skill level 11 in Axes
  3807 | D:7      | Gained mutation: You passively map the area around you.
                  | [Deep Dwarf growth]
  3807 | D:7      | Reached XP level 9. HP: 24/84 MP: 7/7
  3818 | D:7      | Found a runed translucent gate.
  3820 | D:7      | Identified the +8 short sword of the Ass {venom, +Rage MR+
                  | Int+5}
  3835 | D:7      | Found a roughly hewn altar of Beogh.
  3856 | D:7      | Found a transporter.
  3857 | D:7      | Noticed a rakshasa
  3866 | D:7      | Found a sparkling altar of Nemelex Xobeh.
  3969 | D:7      | HP: 3/84 [electric eel/bolt of electricity (7)]
  4097 | D:7      | Found a transporter.
  4099 | D:7      | Identified the +6 quarterstaff of Okawaru's Displeasure
                  | {drain, Dex+3}
  4409 | D:8      | Found Lonnod's Jewellery Boutique.
  4425 | D:8      | Bought the ring "Jimon" {rCorr Str+3 Int+4} for 458 gold
                  | pieces
  4445 | D:8      | Noticed a two-headed ogre
  4461 | D:8      | Killed a two-headed ogre
  4461 | D:8      | Reached skill level 12 in Axes
  4522 | D:8      | Found a sand-covered staircase.
  4532 | Ossuary  | Entered an ossuary
  4554 | Ossuary  | Reached skill level 13 in Axes
  5227 | D:8      | Killed from afar by an electric eel

Skill      XL: |  1  2  3  4  5  6  7  8  9 |
---------------+----------------------------+-----
Axes           | 3 4 5 7 8 10 11 13 | 13.4
Fighting       | 6 |  6.3
Armour         | |  3.2
Shields        | |  3.2

Action                   |  1- 3 |  4- 6 |  7- 9 || total
-------------------------+-------+-------+-------++-------
Melee: War axe           |   121 |   201 |   316 ||   638
 Abil: Heal Wounds       |       |     2 |    14 ||    16
Evoke: Wand              |       |       |     3 ||     3
  Use: Scroll            |     9 |     5 |    11 ||    25
       Potion            |     2 |     2 |     5 ||     9
  Eat: Ration            |       |     3 |     2 ||     5
Armor: Scale mail        |    70 |    17 |       ||    87
       Ring mail         |       |    60 |    87 ||   147
Dodge: Dodged            |    46 |    64 |   118 ||   228
Block: Shield            |    62 |   112 |   224 ||   398
       Reflection        |       |       |    16 ||    16
